[Event "Titled Tuesday Blitz May 16 Early 2023"]
[White "Ismagilov, Damir"]
[Black "Sarana, Alexey"]
[WhiteFideId "34199982"]
[BlackFideId "24133795"]
[WhiteElo "2143"]
[BlackElo "2714"]
[Result "0-1"]
[Round "05"]
[TimeControl "180+2"]
[Date "2023.05.16"]
[WhiteClock "0:00:22"]
[BlackClock "0:01:18"]

1. f4 e5 2. fxe5 d6 3. exd6 Bxd6 4. Nf3 g5 5. d4 g4 6. Ne5 Nc6 7. Bf4 Bxe5 8. dxe5 Qxd1+ 9. Kxd1 Nge7 10. e3 Ng6 11. Bb5 Bd7 12. e6 fxe6 13. Bxc7 e5 14. Nc3 Nce7 15. Bxd7+ Kxd7 16. Ba5 Nc6 17. b4 b6 18. Ke2 bxa5 19. Rhd1+ Ke6 20. b5 Nb4 21. a3 Rhc8 22. axb4 Rxc3 23. Rxa5 Rxc2+ 24. Rd2 Rxd2+ 25. Kxd2 Rd8+ 26. Ke2 Rd7 27. Ra6+ Kf5 28. b6 axb6 29. Rxb6 Ra7 30. Kd3 Ra3+ 31. Kc4 Rxe3 32. Rb7 Nf4 33. g3 Re4+ 34. Kc3 Nd5+ 35. Kb3 Rxb4+ 36. Rxb4 Nxb4 37. Kxb4 Ke4 38. Kc3 Kf3 39. Kd2 e4 40. Ke1 e3 41. Kf1 e2+ 42. Ke1 Ke3 43. h4 gxh3 44. g4 h2 45. g5 h1=Q# 0-1


[Site "https://www.chess.com"]

[Event "Titled Tuesday Blitz May 16 Early 2023"]
[White "Koellner, Ruben Gideon"]
[Black "Ansh M Shah"]
[WhiteFideId "12993093"]
[BlackFideId "25033379"]
[WhiteElo "2314"]
[BlackElo "2084"]
[Result "1-0"]
[Round "05"]
[TimeControl "180+2"]
[Date "2023.05.16"]
[WhiteClock "0:00:23"]
[BlackClock "0:01:21"]

1. d4 Nf6 2. Nf3 e6 3. Nbd2 d5 4. e3 c5 5. c3 Nbd7 6. Bd3 b6 7. Ne5 Nxe5 8. dxe5 Nd7 9. f4 f6 10. Qh5+ g6 11. Bxg6+ hxg6 12. Qxh8 fxe5 13. Nf3 exf4 14. exf4 Qf6 15. Qxf6 Nxf6 16. Ne5 Ba6 17. Nxg6 Bd6 18. Ne5 Kd8 19. Nf7+ Ke7 20. Nxd6 Kxd6 21. h3 Rh8 22. Be3 Ng4 23. Kd2 Nf6 24. g4 Ne4+ 25. Ke1 Ng3 26. Rh2 Nf1 27. Re2 Bxe2 28. Kxe2 Nxe3 29. Kxe3 Rxh3+ 30. Kf2 Rh2+ 31. Kg3 Rxb2 32. g5 Ke7 33. Rh1 Rc2 34. Rh7+ Kf8 35. Rxa7 Rxc3+ 36. Kg4 d4 37. g6 Rc2 38. Kg5 Rf2 39. g7+ Kg8 40. Kg6 Rg2+ 41. Kf6 Rg4 42. Ra8+ Kh7 43. Rh8# 1-0


[Site "https://www.chess.com"]

[Event "Titled Tuesday Blitz May 16 Early 2023"]
[White "Madaminov, Mukhiddin"]
[Black "Ginzburg, Yakov"]
[WhiteFideId "14210703"]
[BlackFideId "4157176"]
[WhiteElo "2511"]
[BlackElo "2305"]
[Result "1-0"]
[Round "05"]
[TimeControl "180+2"]
[Date "2023.05.16"]
[WhiteClock "0:00:09"]
[BlackClock "0:00:04"]

1. Nf3 c5 2. e4 e6 3. d4 cxd4 4. Nxd4 Nf6 5. Nc3 Nc6 6. Nxc6 bxc6 7. e5 Nd5 8. Ne4 Qc7 9. f4 Qb6 10. c4 Ne3 11. Qd3 Bb4+ 12. Bd2 Bxd2+ 13. Qxd2 Rb8 14. Nd6+ Ke7 15. b3 f6 16. Ke2 Ng4 17. Kf3 h5 18. Re1 fxe5 19. fxe5 Rf8+ 20. Kg3 Kd8 21. h3 Nf2 22. Rh2 Kc7 23. Qe3 Qa5 24. Be2 Qxe1 25. Qxa7+ Bb7 26. Rh1 Nxh1+ 27. Kh2 Qg3+ 28. Kxh1 Qxe5 29. c5 Qa1+ 30. Kh2 Qe1 31. Qb6# 1-0


[Site "https://www.chess.com"]

[Event "Titled Tuesday Blitz May 16 Early 2023"]
[White "Estrada Nieto, Julian"]
[Black "Mekhitarian, Krikor Sevag"]
[WhiteFideId "5101018"]
[BlackFideId "2107660"]
[WhiteElo "2161"]
[BlackElo "2604"]
[Result "0-1"]
[Round "05"]
[TimeControl "180+2"]
[Date "2023.05.16"]
[WhiteClock "0:00:00"]
[BlackClock "0:00:03"]

1. e4 e6 2. d4 d5 3. Nd2 c5 4. exd5 Qxd5 5. Ngf3 cxd4 6. Bc4 Qd7 7. O-O Nc6 8. Nb3 a6 9. Nbxd4 Nxd4 10. Nxd4 Qc7 11. Bb3 Bd6 12. h3 Ne7 13. c3 O-O 14. Bc2 Ng6 15. Qh5 Bd7 16. Nf3 Qc5 17. Qxc5 Bxc5 18. Be4 f5 19. Bc2 e5 20. Bb3+ Kh8 21. Rd1 Bc6 22. Ng5 h6 23. Ne6 Bb6 24. Nxf8 Rxf8 25. Be3 Bxe3 26. fxe3 f4 27. Rd6 Nh4 28. exf4 exf4 29. Bd5 Nf5 30. Rxc6 bxc6 31. Bxc6 Rb8 32. b3 Ne3 33. Re1 a5 34. g3 Rc8 35. gxf4 Nf5 36. Re8+ Rxe8 37. Bxe8 Ng3 38. Kf2 Ne4+ 39. Ke3 Nxc3 40. a4 Nd5+ 41. Kf3 Kg8 42. Bb5 Kf8 43. Bc4 Nb4 44. Kg4 Ke7 45. Kf5 Nc6 46. Kg6 Kf8 47. Bb5 Ne7+ 48. Kh7 Kf7 49. Bc4+ Kf6 50. h4 Ng6 51. h5 Ne7 52. Kh8 Nc6 53. Kg8 Nd4 54. Kf8 Nc6 55. Ke8 Nb4 56. Kd7 g6 0-1


[Site "https://www.chess.com"]

[Event "Titled Tuesday Blitz May 16 Early 2023"]
[White "Quesada Perez, Yuniesky"]
[Black "Tokman, Ariel"]
[WhiteFideId "3504409"]
[BlackFideId "117420"]
[WhiteElo "2585"]
[BlackElo "2263"]
[Result "1/2-1/2"]
[Round "05"]
[TimeControl "180+2"]
[Date "2023.05.16"]
[WhiteClock "0:00:04"]
[BlackClock "0:00:10"]

1. e4 c5 2. Nf3 e6 3. d4 cxd4 4. Nxd4 a6 5. Be2 Qc7 6. O-O Nf6 7. Nc3 Be7 8. f4 d6 9. Be3 b5 10. Bf3 Bb7 11. e5 dxe5 12. Bxb7 exd4 13. Bxa8 dxe3 14. Kh1 O-O 15. Qf3 Nbd7 16. Be4 Nb6 17. Bd3 Bc5 18. Ne4 Nxe4 19. Qxe4 g6 20. b4 Be7 21. Qxe3 Nd5 22. Qe4 Nxb4 23. a4 Nxd3 24. cxd3 Bf6 25. Rac1 Qd7 26. axb5 axb5 27. Rfd1 Rd8 28. Qc6 Qd4 29. Qe4 b4 30. Qxd4 Bxd4 31. Rb1 Bc3 32. g3 h5 33. Kg2 Kg7 34. Kf3 Ra8 35. d4 Ra2 36. h3 Rh2 37. Rh1 Rxh1 38. Rxh1 Bxd4 39. Ke4 Bc3 40. Rc1 Kf6 41. g4 hxg4 42. hxg4 g5 43. Rf1 gxf4 44. Rxf4+ Kg6 45. Rf3 Bf6 46. Rd3 Bc3 47. Rf3 Kg7 48. Kd3 Kg6 49. Kc4 f6 50. Re3 e5 51. Rf3 Kg5 52. Rf5+ Kg6 53. Kd3 Bd4 54. Kc4 Bc3 55. Kb3 Kg7 56. Kc4 Kg6 1/2-1/2


[Site "https://www.chess.com"]

[Event "Titled Tuesday Blitz May 16 Early 2023"]
[White "Petrosyan, Manuel"]
[Black "Maxfan2008"]
[WhiteFideId "13300857"]
[WhiteElo "2576"]
[BlackElo "2527"]
[Result "1-0"]
[Round "05"]
[TimeControl "180+2"]
[Date "2023.05.16"]
[WhiteClock "0:00:05"]
[BlackClock "0:00:09"]

1. e4 c5 2. Nf3 d6 3. d4 cxd4 4. Nxd4 Nf6 5. Nc3 a6 6. Be2 e5 7. Nb3 Be7 8. O-O O-O 9. Be3 Be6 10. Re1 Nbd7 11. a4 Rc8 12. a5 Qc7 13. Bf3 Qc6 14. Re2 Nc5 15. Nd5 Bxd5 16. exd5 Qc7 17. Nxc5 dxc5 18. g3 Bd6 19. c4 h6 20. Bd2 Nd7 21. Bg2 Rce8 22. Bc3 f5 23. f3 Nf6 24. Qc2 g6 25. Rae1 Re7 26. Bd2 Kh7 27. Qc1 Ng8 28. Bh3 Rfe8 29. Qc2 Nf6 30. Bxf5 gxf5 31. Qxf5+ Kg7 32. Bxh6+ Kxh6 33. Qxf6+ Kh7 34. Re4 Rg7 35. Rh4+ Kg8 36. Ree4 Qf7 37. Qxd6 Qxf3 38. Qh6 Qd1+ 39. Kg2 Qc2+ 40. Kh3 Qb1 41. Qh8+ Kf7 42. Qh5+ Rg6 43. Qh7+ Kf6 44. Rhf4+ exf4 45. Rxf4+ Ke5 46. Qc7+ Rd6 47. Qg7+ Rf6 48. Qxf6# 1-0


[Site "https://www.chess.com"]

[Event "Titled Tuesday Blitz May 16 Early 2023"]
[White "surrenderPLS"]
[Black "Bjerre, Jonas Buhl"]
[BlackFideId "1444948"]
[WhiteElo "2520"]
[BlackElo "2525"]
[Result "1-0"]
[Round "05"]
[TimeControl "180+2"]
[Date "2023.05.16"]
[WhiteClock "0:00:23"]
[BlackClock "0:00:46"]

1. e4 c5 2. Nf3 d6 3. d4 c4 4. Bxc4 e6 5. O-O Nf6 6. Nc3 d5 7. exd5 exd5 8. Bb5+ Nc6 9. Ne5 Bd7 10. Re1 Be7 11. Qf3 O-O 12. Nxd5 Nxd4 13. Qd3 Bxb5 14. Nxe7+ Kh8 15. c4 Be8 16. Bg5 Ne6 17. Qxd8 Rxd8 18. Bxf6 gxf6 19. Nf3 Nf4 20. Rad1 Bd7 21. Nd5 Nxd5 22. cxd5 Bg4 23. Re3 Rc8 24. h3 Bf5 25. Re7 Bd7 26. Rxd7 1-0


[Site "https://www.chess.com"]

[Event "Titled Tuesday Blitz May 16 Early 2023"]
[White "Sethuraman, S.P."]
[Black "Dino_Ballecer"]
[WhiteFideId "5021596"]
[WhiteElo "2543"]
[BlackElo "2518"]
[Result "1/2-1/2"]
[Round "05"]
[TimeControl "180+2"]
[Date "2023.05.16"]
[WhiteClock "0:00:09"]
[BlackClock "0:00:09"]

1. a3 a6 2. Nf3 Nf6 3. c4 c5 4. Nc3 Nc6 5. d4 cxd4 6. Nxd4 e5 7. Nf3 h6 8. g3 d6 9. Bg2 Be6 10. Nd2 d5 11. cxd5 Nxd5 12. O-O Nxc3 13. bxc3 Be7 14. Rb1 Qc7 15. Qa4 Rc8 16. Bxc6+ Qxc6 17. Qxc6+ Rxc6 18. Rxb7 Rxc3 19. Bb2 Rc2 20. Rb8+ Bc8 21. Bxe5 O-O 22. Rb2 Rc5 23. Nf3 Ra5 24. Rb8 Rxe5 25. Nxe5 Bd6 26. Nc6 Bxb8 27. Nxb8 Rd8 28. Rc1 Bb7 29. Nc6 Rd2 30. Na5 Bd5 31. Kf1 Ra2 32. Nc4 Bxc4 33. Rxc4 Rxa3 34. f4 f5 35. Rc5 g6 36. Kf2 h5 37. Rc7 Kf8 38. Ra7 a5 39. h3 Kg8 40. Ra6 Kg7 41. Ra7+ Kf6 42. Ra6+ Kf7 43. e3 Ra2+ 44. Kf3 Ra3 45. Ra7+ Kf6 46. Ra6+ Kf7 47. Rc6 Ra1 48. g4 hxg4+ 49. hxg4 fxg4+ 50. Kxg4 a4 51. Kf3 a3 52. Ra6 a2 53. Ke4 Ke7 54. Ra3 Kf6 55. Ra6+ Kf7 56. Ra4 Kf6 57. Ra3 Ke6 58. Ra7 Kf6 59. Ra8 Ke6 60. Ra5 Kf6 61. Ra6+ Kf7 62. Ke5 Re1 63. Rxa2 Rxe3+ 64. Kd4 Re7 65. Ra6 Re6 66. Ra8 Kf6 67. Rf8+ Kg7 68. Rd8 Kf6 69. Rd5 Re7 70. Kd3 Re1 71. Kd2 Re4 72. Rd8 Rxf4 73. Ke3 Rf5 74. Ke4 Kg5 75. Ke3 Kg4 76. Rd1 Kg5 77. Rg1+ Kf6 78. Ke2 Rf4 79. Ke3 Rf5 80. Ke4 g5 81. Ke3 Rf4 82. Rd1 Kf5 83. Rg1 g4 84. Ke2 Rf3 85. Rf1 Kf4 86. Rxf3+ gxf3+ 87. Kf2 Kg4 88. Kf1 Kg3 89. Kg1 Kf4 90. Kf2 Ke4 91. Kf1 Ke3 92. Ke1 Kf4 93. Kf2 1/2-1/2


[Site "https://www.chess.com"]

[Event "Titled Tuesday Blitz May 16 Early 2023"]
[White "Goltseva, Ekaterina"]
[Black "Remizov, Yaroslav"]
[WhiteFideId "24173770"]
[BlackFideId "34134015"]
[WhiteElo "2114"]
[BlackElo "2400"]
[Result "0-1"]
[Round "05"]
[TimeControl "180+2"]
[Date "2023.05.16"]
[WhiteClock "0:00:00"]
[BlackClock "0:00:37"]

1. d4 d6 2. Nf3 Nd7 3. c4 Ngf6 4. Nc3 g6 5. e4 Bg7 6. Be2 O-O 7. O-O c5 8. d5 Ng4 9. Nd2 Ngf6 10. f4 e5 11. dxe6 fxe6 12. Nf3 Nb6 13. e5 dxe5 14. Nxe5 Nfd7 15. Be3 Qe7 16. Nf3 Nf6 17. Kh1 Bd7 18. Ne5 Rad8 19. Qe1 Be8 20. Qf2 Nbd7 21. Qg1 Rc8 22. Bf3 Nxe5 23. fxe5 Nd7 24. Bxb7 Rxf1 25. Rxf1 Rb8 26. Bc6 Bxe5 27. Na4 Qh4 28. b3 Nf6 29. Bxe8 Rxe8 30. Nxc5 Rd8 31. Nxe6 Ne4 32. Rf3 Re8 33. Nf4 g5 34. Nd5 g4 35. Qf2 Nxf2+ 36. Bxf2 Qh6 0-1


[Site "https://www.chess.com"]

[Event "Titled Tuesday Blitz May 16 Early 2023"]
[White "Kilic, Eray"]
[Black "Santos Flores, Alberto"]
[WhiteFideId "44517173"]
[BlackFideId "3601234"]
[WhiteElo "2328"]
[BlackElo "2235"]
[Result "1-0"]
[Round "05"]
[TimeControl "180+2"]
[Date "2023.05.16"]
[WhiteClock "0:03:03"]
[BlackClock "0:02:27"]

1. e4 e6 2. d4 d5 3. e5 c5 4. c3 Qb6 5. Nf3 Nc6 6. Bd3 cxd4 7. cxd4 Bd7 8. O-O Nxd4 9. Nbd2 Nc6 10. Nb3 Nge7 11. Be3 Qd8 12. Nc5 b6 13. Nb7 1-0


[Site "https://www.chess.com"]

[Event "Titled Tuesday Blitz May 16 Early 2023"]
[White "Zemlyanskii, Ivan"]
[Black "Bilan, Danila"]
[WhiteFideId "24249971"]
[BlackFideId "24161918"]
[WhiteElo "2421"]
[BlackElo "2182"]
[Result "1-0"]
[Round "05"]
[TimeControl "180+2"]
[Date "2023.05.16"]
[WhiteClock "0:00:56"]
[BlackClock "0:00:00"]

1. d4 d5 2. Bf4 Nf6 3. e3 c5 4. c3 Nc6 5. Nf3 Qb6 6. Qc2 g6 7. Nbd2 Bf5 8. dxc5 Bxc2 9. cxb6 axb6 10. Nd4 Ba4 11. Nb5 Bxb5 12. Bxb5 Nd7 13. e4 dxe4 14. Nxe4 Bg7 15. O-O O-O 16. Rfd1 Nde5 17. Be3 f5 18. Ng5 f4 19. Bxb6 f3 20. Nxf3 Nxf3+ 21. gxf3 Ne5 22. Be2 Rf6 23. Bc5 Nxf3+ 24. Bxf3 Rxf3 25. Rd7 Raf8 26. Rxb7 R8f5 27. Be3 1-0


[Site "https://www.chess.com"]

[Event "Titled Tuesday Blitz May 16 Early 2023"]
[White "Yelisieiev, Yevhenii"]
[Black "Rozman, Levy"]
[WhiteFideId "14139642"]
[BlackFideId "2039877"]
[WhiteElo "2403"]
[BlackElo "2376"]
[Result "0-1"]
[Round "05"]
[TimeControl "180+2"]
[Date "2023.05.16"]
[WhiteClock "0:00:00"]
[BlackClock "0:01:56"]

1. d4 g6 2. Nf3 Bg7 3. g3 d6 4. Bg2 Nc6 5. O-O Bd7 6. b3 Qc8 7. Re1 Bh3 8. Bh1 h5 9. Bb2 h4 10. Nbd2 hxg3 11. hxg3 Qf5 12. e4 Qh5 13. Nh4 Qh7 14. e5 O-O-O 15. exd6 Rxd6 16. Ne4 Rd5 17. c4 Rh5 18. Bf3 Rxh4 19. Ng5 Nd8 20. Nxh7 R4xh7 21. Qd2 Bd7 22. d5 Nf6 23. Re2 Bg4 24. Bg2 Bxe2 25. Qxe2 e6 26. Re1 Rh5 27. dxe6 Nxe6 28. Qf3 Nc5 29. Bxf6 Rf5 30. Qg4 Bxf6 31. f4 Bd4+ 32. Kf1 Bc3 33. b4 Bxe1 34. Kxe1 Re8+ 35. Kd1 Ne4 36. Bxe4 Rxe4 37. Qh3 Re8 38. Qh8 Rxh8 0-1


[Site "https://www.chess.com"]

[Event "Titled Tuesday Blitz May 16 Early 2023"]
[White "Degenbaev, Aziz"]
[Black "Weetik, Vjacheslav"]
[WhiteFideId "13802640"]
[BlackFideId "4153472"]
[WhiteElo "2152"]
[BlackElo "2469"]
[Result "0-1"]
[Round "05"]
[TimeControl "180+2"]
[Date "2023.05.16"]
[WhiteClock "0:00:00"]
[BlackClock "0:00:07"]

1. e4 c5 2. Nf3 Nc6 3. Bb5 g6 4. O-O Bg7 5. c3 Nf6 6. Re1 O-O 7. d4 d5 8. e5 Ne4 9. Bxc6 bxc6 10. Be3 Qb6 11. Qc1 Rb8 12. b3 cxd4 13. cxd4 f6 14. Nc3 Nxc3 15. Qxc3 Bg4 16. Nd2 Rbc8 17. b4 Qb8 18. Bf4 g5 19. Bg3 f5 20. f3 Bh5 21. Nb3 f4 22. Bf2 e6 23. Nc5 Rfe8 24. a4 Qc7 25. Rac1 Qf7 26. a5 Kh8 27. a6 g4 28. fxg4 Bxg4 29. Nb7 Qg6 30. Nd6 Bh6 31. Nxe8 Rxe8 32. b5 cxb5 33. Rb1 Rg8 34. g3 Bf5 35. Rxb5 Be4 36. Rb7 fxg3 37. hxg3 Qh5 0-1


[Site "https://www.chess.com"]

[Event "Titled Tuesday Blitz May 16 Early 2023"]
[White "Ronka, Erik"]
[Black "Tanenbaum, Zachary"]
[WhiteFideId "505080"]
[BlackFideId "2060850"]
[WhiteElo "2264"]
[BlackElo "2175"]
[Result "0-1"]
[Round "05"]
[TimeControl "180+2"]
[Date "2023.05.16"]
[WhiteClock "0:00:08"]
[BlackClock "0:00:06"]

1. d4 d5 2. c4 dxc4 3. Nf3 Nf6 4. Nc3 a6 5. e4 b5 6. e5 Nd5 7. a4 e6 8. axb5 Bb4 9. Bd2 Nb6 10. bxa6 Rxa6 11. Rxa6 Nxa6 12. Be2 Bb7 13. O-O Bxf3 14. Bxf3 Qxd4 15. Bc6+ Kf8 16. Be3 Qxd1 17. Rxd1 Be7 18. Ra1 Nb4 19. Bxb6 Nxc6 20. Ra8+ Bd8 21. Bxc7 Ke7 22. Bd6+ Kd7 23. Ne4 Nd4 24. Ra4 Bb6 25. Rxc4 Ra8 26. g3 Ra5 27. Kg2 Rb5 28. Bc5 Nc6 29. Bxb6 Rxb6 30. Nc5+ Kc7 31. Rh4 h6 32. Rg4 g6 33. Nd3 Rb3 34. Ne1 Nxe5 35. Re4 Nc6 36. Re2 Nd4 37. Rd2 e5 38. Nd3 f6 39. Nc5 Rb5 40. Ne4 f5 41. Nc3 Rb3 42. f4 Nc6 43. Nd5+ Kd6 44. fxe5+ Kxe5 45. Nf4 g5 46. Ne2 Nb4 47. Nc3 Ke6 48. Re2+ Kf6 49. Rd2 Kg6 50. Rd6+ Kg7 51. Rd2 Nc6 52. Rf2 Kg6 53. Rd2 Ne5 54. Rd6+ Kg7 55. Rd2 Nc4 56. Rd7+ Kg6 57. Nd1 Nxb2 58. Nf2 Nc4 59. Rc7 Ne3+ 60. Kf3 Nd5+ 0-1


[Site "https://www.chess.com"]

[Event "Titled Tuesday Blitz May 16 Early 2023"]
[White "Bethke, Richard"]
[Black "Preotu, Razvan"]
[WhiteFideId "12959243"]
[BlackFideId "2613280"]
[WhiteElo "2369"]
[BlackElo "2407"]
[Result "1-0"]
[Round "05"]
[TimeControl "180+2"]
[Date "2023.05.16"]
[WhiteClock "0:00:07"]
[BlackClock "0:00:03"]

1. e4 c5 2. Nf3 d6 3. d4 cxd4 4. Nxd4 Nf6 5. Nc3 a6 6. Be3 e5 7. Nf3 Be7 8. Bc4 O-O 9. O-O Nc6 10. Qe2 Na5 11. Bb3 Nxb3 12. axb3 h6 13. Rfd1 Bd7 14. Nh4 Qc8 15. Qc4 b5 16. Ng6 Qe8 17. Nxe7+ Qxe7 18. Qc7 Rfc8 19. Qxd6 Qxd6 20. Rxd6 b4 21. Na4 Bxa4 22. Rxa4 Nxe4 23. Rd5 Rxc2 24. Rxb4 Nxf2 25. h3 a5 26. Ra4 Rxb2 27. Bxf2 f6 28. Rb5 Rd8 29. Ra1 Rdd2 30. Rf1 Kh7 31. Rxa5 Rxb3 32. Be1 Re2 33. Bh4 Rbb2 34. Rf2 Rxf2 35. Bxf2 h5 36. Be3 Kg6 37. Kh2 Kf5 38. Ra7 g5 39. Rh7 h4 40. Rh6 Ra2 41. Bc5 Ra6 42. Kg1 e4 43. Kf2 Rc6 44. Be7 Re6 45. Bb4 Re5 46. Bc3 Re6 47. Ke3 Rc6 48. Bd4 Ra6 49. Bc3 Rd6 50. Bb2 Rd3+ 51. Ke2 Rd6 52. Rh8 Ra6 53. Rf8 Rb6 54. Bd4 Rd6 55. Ke3 Ra6 56. Bc5 Rc6 57. Kd4 e3 58. Kd5 Rc7 59. Bxe3 Rc2 60. Bd4 Kf4 61. g4 hxg3 62. Rxf6# 1-0


[Site "https://www.chess.com"]

[Event "Titled Tuesday Blitz May 16 Early 2023"]
[White "Vaishali, Rameshbabu"]
[Black "Mayeregger, Arnold"]
[WhiteFideId "5091756"]
[BlackFideId "3705226"]
[WhiteElo "2410"]
[BlackElo "2038"]
[Result "1-0"]
[Round "05"]
[TimeControl "180+2"]
[Date "2023.05.16"]
[WhiteClock "0:00:47"]
[BlackClock "0:01:56"]

1. Nf3 d5 2. g3 g6 3. Bg2 Bg7 4. c4 dxc4 5. Na3 Nf6 6. Nxc4 O-O 7. d3 c6 8. Bd2 Nbd7 9. Qc1 Re8 10. Bh6 Bh8 11. h4 e5 12. Nd6 Re6 13. Nxc8 Rxc8 14. Ng5 Re7 15. h5 Qa5+ 16. Kf1 Ng4 17. hxg6 hxg6 18. Qc4 Nb6 19. Qxg4 Rce8 20. Qh3 Bf6 21. Ne4 1-0


[Site "https://www.chess.com"]

[Event "Titled Tuesday Blitz May 16 Early 2023"]
[White "Golubev, Mikhail"]
[Black "carokannlover213"]
[WhiteFideId "14100983"]
[WhiteElo "2374"]
[BlackElo "2692"]
[Result "0-1"]
[Round "05"]
[TimeControl "180+2"]
[Date "2023.05.16"]
[WhiteClock "0:00:00"]
[BlackClock "0:00:32"]

1. e4 c5 2. Nf3 d6 3. d4 cxd4 4. Nxd4 Nf6 5. Nc3 Nc6 6. Bc4 e6 7. Be3 a6 8. Qe2 Qc7 9. Bb3 Na5 10. g4 Nxb3 11. axb3 Nd7 12. g5 Rb8 13. f4 b5 14. f5 Nb6 15. fxe6 fxe6 16. O-O e5 17. Nf5 b4 18. Nd5 Nxd5 19. exd5 g6 20. Ng3 Bg7 21. Ne4 Bf5 22. Nf6+ Bxf6 23. gxf6 O-O 24. Rxa6 Rxf6 25. Qc4 Qf7 26. Ra7 Qf8 27. Qc7 Rf7 28. Qxf7+ Qxf7 29. Rxf7 Kxf7 30. c4 bxc3 31. bxc3 Rxb3 32. Rc1 Be4 33. Bf2 Bxd5 34. Rd1 Ke6 35. Be1 Rb2 36. Rd2 Rb1 37. Kf2 Bc4 38. Rc2 d5 0-1


[Site "https://www.chess.com"]

[Event "Titled Tuesday Blitz May 16 Early 2023"]
[White "Yurasova, Daria"]
[Black "Prohaszka, Peter"]
[WhiteFideId "34146919"]
[BlackFideId "726265"]
[WhiteElo "2109"]
[BlackElo "2626"]
[Result "0-1"]
[Round "05"]
[TimeControl "180+2"]
[Date "2023.05.16"]
[WhiteClock "0:00:05"]
[BlackClock "0:00:07"]

1. d4 d5 2. Nf3 Nf6 3. Bf4 c5 4. e3 cxd4 5. exd4 Nc6 6. c3 Bf5 7. Nbd2 e6 8. Qb3 Qc8 9. Bb5 a6 10. Bxc6+ Qxc6 11. O-O Be7 12. Ne5 Qb5 13. a4 Qxb3 14. Nxb3 Nd7 15. Na5 Nxe5 16. Bxe5 f6 17. Bg3 b6 18. Nc6 Bf8 19. b4 Kd7 20. b5 Bd6 21. Bxd6 Kxd6 22. Nb4 axb5 23. axb5 Ra5 24. Rxa5 bxa5 25. Nc6 Ra8 26. Ra1 a4 27. Nb4 Kc7 28. f3 Kb6 29. g4 Bg6 30. Re1 Kxb5 31. Rxe6 a3 32. Re1 a2 33. Nxa2 Rxa2 34. Re7 Kc4 35. Rc7+ Kd3 36. Rc5 Ke3 37. Rxd5 Kxf3 38. h3 Be4 39. Rd7 Ra1+ 40. Kh2 Kf2 0-1


[Site "https://www.chess.com"]

[Event "Titled Tuesday Blitz May 16 Early 2023"]
[White "Khamdamova, Afruza"]
[Black "Hua, Lefong"]
[WhiteFideId "14210444"]
[BlackFideId "2602253"]
[WhiteElo "2312"]
[BlackElo "2679"]
[Result "1-0"]
[Round "05"]
[TimeControl "180+2"]
[Date "2023.05.16"]
[WhiteClock "0:00:44"]
[BlackClock "0:00:15"]

1. e4 c5 2. Nf3 g6 3. d4 cxd4 4. Nxd4 Bg7 5. Nc3 Nc6 6. Be3 Nf6 7. Bc4 Qa5 8. f3 O-O 9. Qd2 d6 10. O-O-O Bd7 11. Kb1 Rfc8 12. Bb3 Ne5 13. h4 h5 14. Bg5 Nc4 15. Bxc4 Rxc4 16. Nb3 Qe5 17. f4 Qe6 18. e5 Ng4 19. Nd4 Rxd4 20. Qxd4 Bc6 21. Rhe1 Bxg2 22. Qg1 Bf3 23. exd6 Bxd1 24. Rxe6 fxe6 25. Qxd1 exd6 26. Qxd6 Kh7 27. a3 e5 28. Ne4 exf4 29. Nf6+ Kh8 30. Nxg4 hxg4 31. Qxf4 Rf8 32. Qxg4 Rf1+ 33. Ka2 Rf2 34. Qe4 Rf7 35. Qxg6 Kg8 36. h5 Kh8 37. h6 Bxb2 38. Qxf7 Bxa3 39. Bf6# 1-0


[Site "https://www.chess.com"]

[Event "Titled Tuesday Blitz May 16 Early 2023"]
[White "Ladan, Nicholas"]
[Black "Begmuratov, Alisher"]
[WhiteFideId "30918855"]
[BlackFideId "14203367"]
[WhiteElo "2167"]
[BlackElo "2387"]
[Result "1-0"]
[Round "05"]
[TimeControl "180+2"]
[Date "2023.05.16"]
[WhiteClock "0:00:35"]
[BlackClock "0:00:36"]

1. d4 Nf6 2. Nf3 e6 3. g3 b6 4. Bg2 Bb7 5. O-O g6 6. c4 Bg7 7. Nc3 Ne4 8. Qd3 Nxc3 9. Qxc3 O-O 10. Bf4 d6 11. Qd3 Nd7 12. Rfd1 Nf6 13. b4 a5 14. b5 Be4 15. Qe3 Bb7 16. h3 Qe7 17. Nd2 Bxg2 18. Kxg2 Nh5 19. Nf3 Nxf4+ 20. Qxf4 h6 21. h4 Rad8 22. Qe4 d5 23. Qc2 dxc4 24. Qxc4 Rd7 25. e3 Rfd8 26. Rac1 e5 27. d5 e4 28. Nd4 Bxd4 29. Rxd4 Qd6 30. Rcd1 f5 31. Qc3 Qe5 32. Qc6 Qd6 33. Qc3 Kh7 34. Rc4 Re8 35. Rc6 Qe5 36. Rd4 Ree7 37. Qc4 Rg7 38. Re6 Qd6 39. Rxd6 Rxd6 40. Qc3 g5 41. hxg5 hxg5 42. Rc4 Rdd7 43. Rc6 f4 44. exf4 gxf4 45. Qe5 e3 46. Qxf4 exf2 47. Qxf2 Rxd5 48. Qc2+ Kh8 49. Rxc7 Rxc7 50. Qxc7 Rd2+ 51. Kh3 Rxa2 52. Qd8+ Kg7 53. Qe7+ Kh6 54. Qe6+ 1-0


[Site "https://www.chess.com"]

[Event "Titled Tuesday Blitz May 16 Early 2023"]
[White "Krysa, Leandro"]
[Black "Martins, Vinicius Tine"]
[WhiteFideId "116807"]
[BlackFideId "2112884"]
[WhiteElo "2489"]
[BlackElo "2373"]
[Result "1-0"]
[Round "05"]
[TimeControl "180+2"]
[Date "2023.05.16"]
[WhiteClock "0:00:10"]
[BlackClock "0:00:00"]

1. e4 c5 2. Nf3 Nc6 3. d4 cxd4 4. Nxd4 g6 5. c4 Nf6 6. Nc3 d6 7. f3 Nxd4 8. Qxd4 Bg7 9. Be3 O-O 10. Qd2 Be6 11. Be2 a5 12. Na4 Nd7 13. Rc1 Qc7 14. b3 Nc5 15. Nc3 Qb6 16. Nb5 Rfc8 17. Kf2 Bd7 18. Nd4 e5 19. Nb5 Bxb5 20. cxb5 Bh6 21. Bc4 Bxe3+ 22. Qxe3 a4 23. Rcd1 axb3 24. axb3 Ra2+ 25. Kg3 Nxe4+ 26. Qxe4 Qf2+ 27. Kh3 Qxg2+ 28. Kh4 g5+ 29. Kh5 Qh3+ 30. Kxg5 h6+ 31. Kf6 Kf8 32. Rxd6 Rg2 33. Rhd1 Rg6+ 34. Qxg6 1-0


[Site "https://www.chess.com"]

[Event "Titled Tuesday Blitz May 16 Early 2023"]
[White "Hamley, Ryan"]
[Black "Souleidis, Georgios"]
[WhiteFideId "30959497"]
[BlackFideId "4206827"]
[WhiteElo "2487"]
[BlackElo "2401"]
[Result "1-0"]
[Round "05"]
[TimeControl "180+2"]
[Date "2023.05.16"]
[WhiteClock "0:00:12"]
[BlackClock "0:00:03"]

1. e4 c5 2. Nf3 e6 3. c3 d5 4. exd5 exd5 5. d4 Nf6 6. Bd3 Be7 7. O-O O-O 8. h3 Nc6 9. dxc5 Bxc5 10. Nbd2 h6 11. Nb3 Bb6 12. Bf4 Re8 13. Nbd4 Ne4 14. Re1 Qf6 15. Be3 Bd7 16. a4 Rad8 17. Nxc6 bxc6 18. a5 Bxe3 19. Rxe3 Bf5 20. Bf1 Bg6 21. Qd4 Qe7 22. Rae1 c5 23. Qa4 Qb7 24. Bb5 Re6 25. R1e2 c4 26. Nd4 Nc5 27. Qa3 Rxe3 28. Rxe3 Ne4 29. f3 Nf6 30. Re7 Qb8 31. Nc6 Qxb5 32. Nxd8 Kh7 33. Nxf7 Qc6 34. Ne5 Qc8 35. Qd6 Qf5 36. Nxg6 Kxg6 37. Qc7 Nh5 38. Qd6+ Kh7 39. Re5 Qb1+ 40. Kh2 Nf6 41. Re7 Qf5 42. Qc7 Kg6 43. Qg3+ Qg5 44. Qxg5+ hxg5 45. Rxa7 Kf5 46. Rb7 Ne8 47. a6 Nd6 48. Rb6 1-0


[Site "https://www.chess.com"]

[Event "Titled Tuesday Blitz May 16 Early 2023"]
[White "Lorenzo De La Riva, Lazaro"]
[Black "Florescu, Codrut-Constantin"]
[WhiteFideId "2268809"]
[BlackFideId "1202200"]
[WhiteElo "2294"]
[BlackElo "2191"]
[Result "0-1"]
[Round "05"]
[TimeControl "180+2"]
[Date "2023.05.16"]
[WhiteClock "0:00:00"]
[BlackClock "0:00:24"]

1. Nf3 d5 2. g3 e6 3. Bg2 Nf6 4. c4 Be7 5. O-O O-O 6. b3 a5 7. Nc3 c6 8. d3 Nbd7 9. Bb2 Rb8 10. Qc2 b5 11. e4 dxc4 12. bxc4 bxc4 13. d4 Ba6 14. Rab1 Qc7 15. Rfd1 h6 16. h4 Bb4 17. e5 Nd5 18. Ne4 Be7 19. a3 Rb7 20. Ra1 Rfb8 21. Bc1 c5 22. Nc3 N7b6 23. Ne2 cxd4 24. Nfxd4 Nd7 25. Nf4 Nxf4 26. Bxf4 Rb2 27. Qc1 R2b6 28. Bxh6 gxh6 29. Qxh6 Qxe5 30. Nf3 Qf6 31. Qh5 Nf8 32. Ng5 Rb2 33. f4 Bb7 34. Bxb7 R2xb7 35. Rac1 c3 0-1


[Site "https://www.chess.com"]